 Dungeon Crawl Stone Soup version 0.21-a0-426-g98080a9 (webtiles) character file.

793 zewo the Basher (level 7, -1/40 HPs)
             Began as a Gargoyle Gladiator on Nov 7, 2017.
             Was an Initiate of Ashenzari.
             Slain by a gnoll
             ... wielding a +0 halberd
              (12 damage)
             ... on level 5 of the Dungeon.
             The game lasted 00:13:23 (6239 turns).

zewo the Basher (Gargoyle Gladiator)                Turns: 6239, Time: 00:13:24

Health: -1/40      AC: 13    Str: 18    XL:     7   Next: 88%
Magic:  7/7        EV: 10    Int:  8    God:    Ashenzari [......]
Gold:   230        SH:  0    Dex: 13    Spells: 6/6 levels left

rFire    . . .     SeeInvis .   a - +0 flail
rCold    . . .     Gourm    .   (no shield)
rNeg     + . .     Faith    .   r - +0 scale mail
rPois    ∞         Spirit   .   c - +1 helmet (curse)
rElec    +         Reflect  .   (no cloak)
rCorr    .         Harm     +   x - +0 pair of gloves
MR       ++...                  (no boots)
Stlth    ..........             n - amulet of harm
HPRegen  0.13/turn              t - ring of protection from magic
MPRegen  0.10/turn              v - ring of protection from magic

@: confused
A: negative energy resistance 1, electricity resistance, unbreathing,
petrification resistance, rot immunity, AC +4
a: Curse Item, Renounce Religion


You were on level 5 of the Dungeon.
You worshipped Ashenzari.
Ashenzari was noncommittal.
You were hungry.

You visited 2 branches of the dungeon, and saw 6 of its levels.

You collected 230 gold pieces.

Inventory:

Hand Weapons
 a - a +0 flail (weapon)
Armour
 b - a +0 leather armour
 c - a cursed +1 helmet (worn)
 r - a +0 scale mail (worn)
 x - a +0 pair of gloves (worn)
Jewellery
 n - an amulet of harm (around neck)
 p - an uncursed ring of positive energy
 t - a ring of protection from magic (left hand)
 v - a ring of protection from magic (right hand)
 w - an uncursed ring of resist corrosion
Wands
 s - a wand of confusion (35/48)
Scrolls
 e - a scroll of blinking {unknown}
 l - a scroll of recharging {unknown}
 m - a scroll of fear
 q - 2 scrolls of random uselessness {unknown}
 u - a scroll of magic mapping {unknown}
 y - a scroll of amnesia
Potions
 g - 4 potions of flight
 i - 4 potions of curing {unknown}
 k - 2 potions of haste {unknown}
 o - a potion of heal wounds {unknown}
 A - a potion of agility {unknown}
Comestibles
 f - 3 bread rations
 h - a royal jelly
 j - a meat ration


   Skills:
 - Level 2.1 Fighting
 + Level 9.1 Maces & Flails
 - Level 1.7 Throwing
 - Level 2.4 Dodging


You had 6 spell levels left.
You didn't know any spells.

Dungeon Overview and Level Annotations

Branches:
Dungeon (5/15)             Temple (1/1) D:5

Altars:
Ashenzari
Dithmenos
Elyvilon
Fedhas
Gozag
Hepliaklqana
Kikubaaqudgha
Makhleb
Okawaru
Ru
Sif Muna
Trog
Uskayaw
Vehumet
Wu Jian
Xom
Yredelemnul
Zin


Innate Abilities, Weirdness & Mutations

You are resistant to torment.
Your stone body is resilient. (AC +4)
You are immune to poison.
You resist negative energy. (rN+)
You are resistant to electric shocks. (rElec)
You can survive without breathing.
You are immune to petrification.
You are immune to rotting.


Message History

The throwing net barely misses the gnoll.
The gnoll completely misses you.
A gnoll comes into view. It is wielding a spear.
Throwing (i - inventory):
d - 2 throwing nets (quivered)
Press: ? - help, Shift-Dir - straight line, f/p - gnoll
Aim: a gnoll, wielding a halberd (fast)
You throw a throwing net.
The throwing net barely misses the gnoll.
The gnoll shouts!
The gnoll barely misses you.
Throwing (i - inventory):
d - a throwing net (quivered)
Press: ? - help, Shift-Dir - straight line, f/p - gnoll
Aim: a gnoll, wielding a halberd (fast)
You throw a throwing net.
The throwing net closely misses the gnoll.
The gnoll hits you but does no damage.
You are confused.
You feel invigorated. The gnoll barely misses you.
The gnoll hits you from afar with a halberd!
You die...

..)).............)..............[
≈≈≈≈≈≈≈≈≈≈≈≈≈≈≈≈....≈≈≈≈≈≈≈≈≈≈≈≈≈
≈≈≈≈≈≈≈≈≈≈≈≈≈≈≈≈....)≈≈≈≈≈≈≈≈≈≈≈≈
####≈≈≈≈≈≈≈≈≈≈≈≈.)..≈≈≈≈≈≈≈≈≈≈≈≈#
.g.#............................#
...#############''')#############
##'# #[).(# .#.. #....# .# .
#@...# .# #''#######....# .#
.........#g...#.. .#
.........'g...g..8 .#
.......).'....'..8 .#
........(#8..8#... .#.#
################## . ##'# #
...##############################


You could see a gnoll shaman and 2 gnolls.

Vanquished Creatures
  An ogre (D:5)
  Blork the orc (D:4)
  A scorpion (D:4)
  A bullfrog skeleton (D:4)
  2 hounds (D:4)
  4 gnoll shamans (D:5)
  2 worker ants (D:4)
  4 adders
  18 gnolls (D:5)
  4 oozes
  An adder skeleton (D:4)
  A worm (D:2)
  4 dart slugs
  6 leopard geckos
  3 orcs (D:3)
  2 giant cockroaches (D:2)
  6 goblins
  5 hobgoblins
  19 jackals
  3 quokkas
  3 ball pythons (D:1)
  2 bats (D:1)
  3 frilled lizards
  A jackal zombie (D:5)
  11 kobolds
  8 rats
116 creatures vanquished.

Notes
Turn   | Place    | Note
-------+----------+-------------------------------------------
     0 | D:1      | zewo the Gargoyle Gladiator began the quest for the Orb.
     0 | D:1      | Reached XP level 1. HP: 12/12 MP: 1/1
    94 | D:1      | Reached XP level 2. HP: 2/17 MP: 2/2
   847 | D:1      | Reached skill level 4 in Maces & Flails
  1017 | D:1      | Reached XP level 3. HP: 21/21 MP: 3/3
  1107 | D:1      | You fall through a shaft!
  1250 | D:2      | Found a shimmering altar of Xom.
  1681 | D:2      | Reached XP level 4. HP: 9/26 MP: 4/4
  2282 | D:2      | Found an opulent altar of Gozag.
  2502 | D:3      | Reached skill level 5 in Maces & Flails
  3421 | D:4      | Reached XP level 5. HP: 23/30 MP: 5/5
  3567 | D:4      | Reached skill level 6 in Maces & Flails
  3577 | D:4      | Noticed Blork the orc
  3750 | D:4      | Killed Blork the orc
  3750 | D:4      | Reached XP level 6. HP: 34/35 MP: 6/6
  3800 | D:4      | Reached skill level 7 in Maces & Flails
  4302 | D:5      | Entered Level 5 of the Dungeon
  4628 | D:5      | Found a staircase to the Ecumenical Temple.
  4931 | Temple   | Entered the Ecumenical Temple
  5139 | Temple   | Became a worshipper of Ashenzari the Shackled
  5317 | D:5      | Reached XP level 7. HP: 40/40 MP: 7/7
  5514 | D:5      | Reached skill level 8 in Maces & Flails
  6189 | D:5      | Reached skill level 9 in Maces & Flails
  6234 | D:5      | HP: 2/40 [gnoll/halberd (7)]
  6239 | D:5      | Slain by a gnoll

Vault maps used:
D:1:      lemuel_arrival_broad_hall
D:2:      xom_teletrap_fun, grunt_gozag_breadcrumbs
D:3:      first_bread
D:4:      uniq_blork_the_orc
D:5:      lemuel_castle_with_subvaults, minmay_temple_entry_butterflies,
          serial_shops, shop, minivault_25, nemelex_altar_shiori
Temple:   regret_index_temple_sphere_string

Skill      XL: |  1  2  3  4  5  6  7 |
---------------+----------------------+-----
Maces & Flails | 4 5 6 7 9 |  9.1
Fighting       | |  2.1
Throwing       | |  1.7
Dodging        | |  2.4

Action                   |  1- 3 |  4- 6 |  7- 9 || total
-------------------------+-------+-------+-------++-------
Melee: Flail             |   115 |   237 |    96 ||   448
Throw: Throwing net      |       |       |     6 ||     6
Invok: Curse Item        |       |     1 |       ||     1
  Use: Scroll            |       |     6 |       ||     6
       Potion            |       |       |     1 ||     1
  Eat: Chunk             |     2 |     5 |     1 ||     8
       Bread ration      |       |     2 |       ||     2
Armor: Leather armour    |    43 |     4 |       ||    47
       Scale mail        |       |   121 |    52 ||   173
Dodge: Dodged            |    75 |   114 |    58 ||   247

Table legend:
 A = Spawn XP
 B = Non-spawn XP
 C = Spawn XP percentage of total XP
 D = Spawn monster count
 E = Non-spawn monster count
 F = Spawn count percentage of total count
 G = Total turns spent on level
                    A         B        C        D         E        F      G
               +---------+---------+-------+---------+---------+-------+---------
         Total |       0 |    1133 |   0.0 |       0 |     116 |   0.0 |  6239
               +---------+---------+-------+---------+---------+-------+---------
           D:1 |       0 |      43 |   0.0 |       0 |      23 |   0.0 |  1281
           D:2 |       0 |      62 |   0.0 |       0 |      20 |   0.0 |  1314
           D:3 |       0 |      44 |   0.0 |       0 |      17 |   0.0 |   884
           D:4 |       0 |     412 |   0.0 |       0 |      15 |   0.0 |   823
           D:5 |       0 |     572 |   0.0 |       0 |      41 |   0.0 |  1512
               +---------+---------+-------+---------+---------+-------+---------
